 Dungeon Crawl Stone Soup version 0.30-a0-845-g7c6808c8ce (webtiles) character file.

Game seed: 8945912194750179798

120900 bobo the Warrior (level 16, 0/171 (174) HPs)
             Began as a Minotaur Fighter on Mar 2, 2023.
             Was the Champion of Okawaru.
             Killed from afar by a crystal guardian (67 damage)
             ... with a crystal bolt
             ... in the Desolation of Salt.
             The game lasted 01:28:11 (22925 turns).

bobo the Warrior (Minotaur Fighter)                Turns: 22925, Time: 01:28:12

HP:   0/171 (174)   AC: 35    Str: 31    XL:     16   Next: 31%
MP:   17/23         EV: 19    Int:  5    God:    Okawaru [******]
Gold: 2699          SH: 24    Dex: 14    Spells: 17/19 levels left

rFire   . . .      SeeInvis .    H - +4 morningstar (holy)
rCold   . . .      Faith    .    y - +5 kite shield {AC+3}
rNeg    . . .      Spirit   .    L - +0 plate armour {rPois}
rPois   +          Reflect  +    m - +2 hood of the Assassin {Detect Stab+ Stlth++}
rElec   .          Rampage  .    r - +5 cloak of the Ward {Harm rCorr Str+3}
rCorr   +          Harm     + .  E - +0 pair of fencer's gloves {Riposte Dex+3}
Will    +....                    h - +2 pair of boots of Terror {+Blink Slay+3}
Stlth   +                        A - amulet of reflection
HPRegen 0.48/turn                R - +5 ring of evasion
MPRegen 0.18/turn                K - ring of resist corrosion

@: heroic, finesse-ful, studying Armour, lightly drained
A: horns 2, retaliatory headbutt, talons 1, passive freeze, robust 1
a: Renounce Religion, Evoke Blink, Heroism, Finesse, Duel


You were in the Desolation of Salt.
You worshipped Okawaru.
Okawaru was exalted by your worship.
You visited 6 branches of the dungeon, and saw 25 of its levels.
You also visited: Bailey, Gauntlet and Desolation.

You collected 3389 gold pieces.
You spent 690 gold pieces at shops.

Inventory:

Hand Weapons
 x - a +3 vampiric morningstar
 H - a +4 morningstar of holy wrath (weapon)
 I - a +3 antimagic flail
 Z - the +8 flail of Divazahose {flame, rF+ SInv}
   (Okawaru gifted it to you on level 5 of the Lair of Beasts)

   rF:        It protects you from fire.
   SInv:      It lets you see invisible.
Missiles
 C - 4 throwing nets
 J - 7 curare-tipped darts
 U - 10 javelins (quivered)
Armour
 h - the +2 pair of boots of Terror (worn) {+Blink Slay+3}
   (You acquired it on level 15 of the Dungeon)

   Slay:      It affects your accuracy & damage with ranged weapons and melee
   (+3).
   +Blink:    It lets you blink.
 m - the +2 hood of the Assassin (worn) {Detect Stab+ Stlth++}
   (Okawaru gifted it to you on level 1 of the Depths)

   Detect:    It allows the wearer to sense nearby creatures.
   Stab+:     It allows the wearer to make particularly effective stabbing
   attacks against helpless or unaware enemies with any weapon.
   Stlth:     It makes you much more stealthy.
 r - the +5 cloak of the Ward (worn) {Harm rCorr Str+3}
   (You found it in a Gauntlet)

   Str:       It affects your strength (+3).
   rCorr:     It protects you from acid and corrosion.
   Harm:      It increases damage dealt and taken.
 y - a +5 kite shield of protection (worn)
 E - the +0 pair of fencer's gloves (worn) {Riposte Dex+3}
   (You acquired it on level 11 of the Dungeon)

   Riposte:   It allows the wearer to riposte with melee weapons, swiftly
   retaliating against missed or blocked melee attacks.
   Dex:       It affects your dexterity (+3).
 L - a +0 plate armour of poison resistance (worn)
Jewellery
 e - a ring of protection from fire
 A - an amulet of reflection (around neck)
 K - a ring of resist corrosion (right hand)
 Q - the amulet "Nucenen" {Acrobat rF+ MP+9}
   (You took it off an orc knight on level 12 of the Dungeon)

   [amulet of the acrobat]

   It increases your evasion while moving and waiting.
   rF:        It protects you from fire.
   MP:        It affects your magic capacity (+9).
 R - a +5 ring of evasion (left hand)
 Y - a ring of protection from cold
Wands
 l - a wand of digging (5)
 o - a wand of polymorph (12)
 v - a wand of roots (21)
 M - a wand of acid (14)
Scrolls
 a - 3 scrolls of noise
 b - a scroll of blinking
 d - a scroll of vulnerability
 g - 7 scrolls of fog
 n - 11 scrolls of teleportation
 p - 4 scrolls of identify
 q - 2 scrolls of poison
 t - 2 scrolls of fear
 u - 4 scrolls of immolation
 F - 2 scrolls of brand weapon
Potions
 c - a potion of brilliance
 i - 9 potions of attraction
 j - a potion of magic {unknown}
 k - 11 potions of curing
 s - 3 potions of berserk rage
 w - 5 potions of flight
 z - 5 potions of ambrosia
 D - 3 potions of haste
 G - 3 potions of mutation
 N - a potion of might
 O - 2 potions of resistance
 P - 3 potions of invisibility


   Skills:
 + Level 18.7(23.7) Fighting
 - Level 16.0(21.0) Maces & Flails
 - Level 8.0(13.0) Throwing
 + Level 12.1(17.1) Armour
 + Level 9.5(14.5) Dodging
 + Level 11.6(16.6) Shields
 - Level 2.0 Spellcasting
 - Level 4.4 Translocations
 + Level 11.8 Invocations
 + Level 3.1 Evocations


You had 17 spell levels left.
You knew the following spells:

 Your Spells              Type           Power      Damage    Failure   Level
a - Blink                 Tloc           8%         N/A       63%         2

Your spell library contained the following spells:

 Spells                   Type           Power      Damage    Failure   Level
 Apportation              Tloc           8%         N/A       47%         1
 Lesser Beckoning         Tloc           8%         N/A       63%         2
 Gell's Gravitas          Tloc           4%         N/A       85%         3
 Teleport Other           Tloc           4%         N/A       85%         3
 Momentum Strike          Conj/Tloc      4%         3d8       90%         2
 Magic Dart               Conj           0%         1d3       97%         1
 Necrotise                Necr           0%         1d4       97%         1
 Slow                     Hex            0%         N/A       97%         1
 Cigotuvi's Dreadful Rot  Necr/Pois/Air  0%         N/A       99%         2
 Poisonous Vapours        Pois/Air       0%         N/A       99%         2
 Searing Ray              Conj           0%         2d4       99%         2
 Confusing Touch          Hex            0%         N/A       100%        3
 Mephitic Cloud           Conj/Pois/Air  0%         N/A       100%        3
 Vampiric Draining        Necr           0%         2d6       100%        3
 Fulminant Prism          Conj/Hex       0%         3d5       100%        4
 Leda's Liquefaction      Hex/Erth       0%         N/A       100%        4
 Petrify                  Tmut/Erth      0%         N/A       100%        4
 Alistair's Intoxication  Tmut/Pois      0%         N/A       100%        5
 Fireball                 Conj/Fire      0%         3d3       100%        5
 Iskenderun's Battlesphe  Conj           0%         2d6       100%        5
 Lee's Rapid Deconstruct  Erth           0%         3d4*      100%        5
 Metabolic Englaciation   Hex/Ice        0%         N/A       100%        5
 Conjure Ball Lightning   Conj/Air       0%         3x3d6     100%        6
 Iron Shot                Conj/Erth      0%         9d1       100%        6
 Statue Form              Tmut/Erth      0%         N/A       100%        6
 Orb of Destruction       Conj           0%         9d5       100%        7
 Chain Lightning          Conj/Air       0%         N/A       100%        9
 Fire Storm               Conj/Fire      0%         5d1       100%        9
 Shatter                  Erth           0%         3d5*      100%        9
 Summon Small Mammal      Summ           Unusable   N/A       N/A         1
 Spellforged Servitor     Conj/Summ      Unusable   N/A       N/A         7

Dungeon Overview and Level Annotations

Branches:
Dungeon (15/15)            Temple (1/1) D:7            Lair (5/5) D:11
  Swamp (0/4) Lair:2       Spider (0/4) Lair:3        Slime (0/5) Lair:4
    Orc (2/2) D:11            Elf (1/3) Orc:2        Vaults (0/5) D:13
 Depths (1/4) D:15         Bailey (visited)         Desolation (1/1)
Gauntlet (visited)

Altars:
Ashenzari
Cheibriados
Dithmenos
Elyvilon
Fedhas
Gozag
Hepliaklqana
Kikubaaqudgha
Makhleb
Nemelex Xobeh
Okawaru
Qazlal
Ru
Sif Muna
Trog
Uskayaw
Vehumet
Wu Jian
Xom
Yredelemnul
Zin
The Shining One
Jiyva
Lugonu

Shops:
D:13 ((:   D:14 =   Orc:2 [[[(   Depths:1 (

Portals:
Hell: Depths:1
Trove: D:12 (give +3 shadow dragon scales)

Annotations:
D:13 3 runed translucent doors, exclusion: obsidian statue, Mitseuc's ghost, journeyman HOBe


Innate Abilities, Weirdness & Mutations

You have a pair of horns on your head.
You reflexively headbutt those who attack you in melee.
You have sharp toenails.
A frigid envelope surrounds you and freezes all who hurt you.
You are robust. (+10% HP)


Message History

You closely miss the halazid warlock. You headbutt the halazid warlock.
The halazid warlock is lightly damaged.
You puncture the halazid warlock!
The halazid warlock convulses.
You headbutt the halazid warlock!
The halazid warlock is heavily damaged.
The crystal guardian hits you!!
* * * LOW HITPOINT WARNING * * *
The crystal guardian completely resists.
The halazid warlock casts a spell at you.
The bolt of cold hits you!
* * * LOW HITPOINT WARNING * * *
You miss the halazid warlock.
The halazid warlock is heavily damaged.
You hit the halazid warlock.
The halazid warlock convulses.
The halazid warlock is heavily damaged.
The crystal guardian hits you but does no damage.
The crystal guardian completely resists.
The halazid warlock casts a spell.
You feel much better.
The crystal guardian dissolves into shadows!
You block the crystal guardian's attack.
You block the halazid warlock's attack.
You bludgeon the halazid warlock!!
The halazid warlock convulses!!!
You destroy the halazid warlock!
Okawaru accepts your kill.
The saltling dissolves into shadows!
The ragged hierophant dissolves into shadows!
The peacekeeper dissolves into shadows!
The saltling dissolves into shadows!
The guardian serpent dissolves into shadows!
The saltling dissolves into shadows! x2
The servant of whispers dissolves into shadows!
The saltling dissolves into shadows!
You hit the crystal guardian but do no damage.
The crystal guardian is lightly damaged.
You hit the crystal guardian but do no damage.
You headbutt the crystal guardian.
The crystal guardian is moderately damaged.
The crystal guardian fires a crystalline bolt at you.
The crystal bolt freezes you!!!
You die...

............8..
.......................#
..........#.........8.#.
..........##...........:
......................#.
....................8..#
.......∩................
................@.......
.......∩.........9......
........................
...................§....
..#..............§§.§§..
.................#.§§§..
§§§..............§§§§..§
§§§..............§...§§§
§§.........#........§§§


You could see a crystal guardian (strong).

Vanquished Creatures
  Rupert (Lair:3)
  Gastronok (D:12)
  An ironbound preserver (D:13)
  A stone giant (Depths:1)
  A dire elephant (Lair:5)
  A halazid warlock (Desolation)
  A minotaur (Gauntlet)
  Snorg (D:13)
  Josephine (D:10)
  Harold (D:11)
  Erolcha (D:10)
  7 hydras
  An ogre mage (D:15)
  An ice dragon (Depths:1)
  A rakshasa (Depths:1)
  A peacekeeper (Desolation)
  2 boulder beetles
  2 catoblepae
  Erica (Lair:2)
  3 centaur warriors
  6 dancing weapons (Elf:1)
  A deep troll shaman (Depths:1)
  7 two-headed ogres
  A tengu warrior (D:12)
  10 death yaks
  A thrashing horror (Gauntlet)
  An orc high priest (Orc:2)
  A soul eater (Gauntlet)
  6 deep elf knights (Elf:1)
  Amaemon (Lair:3)
  2 skysharks (Lair:5)
  Nergalle (Lair:2)
  Sonja (Orc:1)
  3 iron trolls (Depths:1)
  2 deep trolls (Depths:1)
  A wizard (D:15)
  2 deep elf archers (Elf:1)
  8 deep elf pyromancers
  A mana viper (shapeshifter) (D:13)
  A lindwurm (Lair:4)
  9 deep elf zephyrmancers (Elf:1)
  4 orc knights
  A necromancer (D:15)
  A wolf spider (Lair:5)
  7 ugly things
  4 orc sorcerers (Orc:2)
  6 manticores
  5 cyclopes
  2 centaur zombies (D:15)
  12 elephants (Lair:5)
  6 slime creatures
  Maurice (D:8)
  12 black mambas
  2 naga magi (D:15)
  An orange demon (Lair:3)
  3 torpor snails
  3 gargoyles
  An unseen horror (D:8)
  9 cane toads
  A black mamba (shapeshifter) (D:15)
  2 centaur skeletons (D:15)
  3 kobold demonologists
  7 komodo dragons
  An efreet (D:14)
  A tengu conjurer (D:14)
  3 freezing wraiths
  A rime drake (Lair:4)
  3 yaktaurs (D:15)
  10 polar bears
  7 trolls
  Grinder (D:5)
  A hornet (D:10)
  3 tyrant leeches (Lair:2)
  12 blink frogs
  2 saltlings (Desolation)
  A raiju (Lair:5)
  3 dream sheep (Lair:5)
  Sigmund (D:5)
  A centaur simulacrum (D:14)
  4 wyverns
  8 wraiths
  A vampire (D:11)
  An air elemental (Elf:1)
  A shadow (D:10)
  45 yaks
  Eustachio (D:5)
  9 basilisks
  3 steam dragons
  A vampire mosquito (D:13)
  2 swamp worms (Gauntlet)
  8 wargs
  3 acid dragons
  Edmund (D:4)
  14 hell hounds (Lair:5)
  11 water moccasins
  3 small abominations (Gauntlet)
  An ice beast (D:7)
  26 orc warriors
  13 black bears
  A sky beast (D:6)
  A hornet zombie (D:8)
  8 ogres
  19 wolves
  4 centaurs
  A phantom (D:6)
  Blork the orc (D:5)
  5 kobold brigands
  9 bullfrogs
  A gnoll sergeant (D:7)
  12 scorpions
  An earth elemental (Elf:1)
  13 wights
  13 killer bees
  3 howler monkeys
  6 electric eels
  2 hounds
  21 orc priests
  A gnoll bouda (D:6)
  2 sleepcaps
  3 iguanas
  Natasha (twice) (D:2)
  35 orc wizards
  A boggart skeleton (D:15)
  A boggart simulacrum (D:14)
  13 gnolls
  6 adders
  7 shadow imps
  A white imp (D:7)
  2 ufetubi
  4 worms
  A dart slug (D:2)
  63 orcs
  2 endoplasms
  7 giant cockroaches
  16 goblins
  8 hobgoblins
  26 kobolds
  6 quokkas
  8 ball pythons
  13 bats
  2 rats
747 creatures vanquished.

Vanquished Creatures (others)
  A deep elf knight (Elf:1)
  A deep elf zephyrmancer (Elf:1)
  2 orc priests
  An orc (D:9)
  4 kobolds (D:9)
  A bush (Lair:4)
  40 fungi
  52 plants
  4 toadstools (D:14)
106 creatures vanquished.

Grand Total: 853 creatures vanquished

Notes
Turn   | Place    | Note
-------+----------+-------------------------------------------
     0 | D:1      | bobo the Minotaur Fighter began the quest for the Orb.
     0 | D:1      | Reached XP level 1. HP: 19/19 MP: 0/0
   224 | D:1      | Reached XP level 2. HP: 27/27 MP: 1/1
   288 | D:1      | Reached skill level 4 in Fighting
   865 | D:2      | Reached XP level 3. HP: 32/33 MP: 2/2
  1123 | D:2      | Noticed Natasha
  1128 | D:2      | Killed Natasha
  1129 | D:2      | Reached XP level 4. HP: 32/41 MP: 3/3
  1225 | D:2      | Noticed Natasha
  1231 | D:2      | Killed Natasha
  1232 | D:2      | Reached skill level 1 in Throwing
  1362 | D:3      | Found a bloodstained altar of Trog.
  1403 | D:3      | Found a snail-covered altar of Cheibriados.
  1615 | D:3      | Found a sparkling altar of Nemelex Xobeh.
  1615 | D:3      | Found a hazy altar of Hepliaklqana.
  1813 | D:4      | Reached XP level 5. HP: 43/47 MP: 4/4
  1832 | D:4      | Found a white marble altar of Elyvilon.
  1847 | D:4      | Noticed an ogre
  1856 | D:4      | Killed an ogre
  1857 | D:4      | Reached skill level 5 in Maces & Flails
  2011 | D:4      | Reached skill level 5 in Fighting
  2011 | D:4      | Reached skill level 5 in Shields
  2114 | D:4      | Noticed Edmund
  2124 | D:4      | Killed Edmund
  2125 | D:4      | Reached XP level 6. HP: 54/56 MP: 5/5
  2299 | D:4      | Found an ancient bone altar of Kikubaaqudgha.
  2389 | D:5      | Entered Level 5 of the Dungeon
  2404 | D:5      | Noticed Eustachio
  2425 | D:5      | Killed Eustachio
  2426 | D:5      | Reached skill level 6 in Fighting
  2426 | D:5      | Reached XP level 7. HP: 60/63 MP: 6/6
  2820 | D:5      | Noticed Sigmund
  2836 | D:5      | Killed Sigmund
  2872 | D:5      | Noticed Grinder
  2879 | D:5      | Paralysed by Grinder for 5 turns
  2892 | D:5      | Killed Grinder
  2893 | D:5      | Reached skill level 7 in Fighting
  2893 | D:5      | Reached XP level 8. HP: 58/73 MP: 7/7
  2946 | D:5      | Noticed Blork the orc
  2960 | D:5      | Killed Blork the orc
  2961 | D:5      | Reached skill level 5 in Throwing
  3796 | D:6      | Reached skill level 8 in Fighting
  4232 | D:6      | Reached XP level 9. HP: 78/82 MP: 8/8
  4287 | D:6      | Reached skill level 9 in Fighting
  4561 | D:7      | Noticed a +0 hand axe
  4561 | D:7      | Noticed a +3 dagger
  4567 | D:7      | Found a hide-covered altar of Uskayaw.
  4802 | D:7      | Found a staircase to the Ecumenical Temple.
  4807 | D:7      | Reached skill level 10 in Maces & Flails
  4815 | Temple   | Entered the Ecumenical Temple
  4881 | Temple   | Became a worshipper of Warmaster Okawaru
  4898 | D:7      | Reached skill level 10 in Fighting
  5680 | D:8      | Reached * piety under Okawaru
  5880 | D:8      | Noticed an unseen horror
  5886 | D:8      | Killed an unseen horror
  6023 | D:8      | Reached XP level 10. HP: 94/94 MP: 9/9
  6043 | D:8      | Noticed Maurice
  6079 | D:8      | Killed Maurice
  6080 | D:8      | Reached skill level 11 in Fighting
  6628 | D:9      | Reached ** piety under Okawaru
  7045 | D:9      | Found a glowing silver altar of Zin.
  7045 | D:9      | Found a sacrificial altar of Ru.
  7045 | D:9      | Found an ornate altar of the Wu Jian Council.
  7046 | D:9      | Found a stormy altar of Qazlal.
  7047 | D:9      | Found a glowing golden altar of the Shining One.
  7048 | D:9      | Found a basalt altar of Yredelemnul.
  7048 | D:9      | Found a blossoming altar of Fedhas.
  7049 | D:9      | Found an opulent altar of Gozag.
  7303 | D:9      | Noticed a two-headed ogre
  7317 | D:9      | Killed a two-headed ogre
  7724 | D:10     | Entered Level 10 of the Dungeon
  7778 | D:10     | Reached skill level 12 in Fighting
  7788 | D:10     | Reached *** piety under Okawaru
  7800 | D:10     | Found a flagged portal.
  7805 | Bailey   | Entered a bailey
  8124 | Bailey   | Noticed an orc knight
  8144 | Bailey   | Killed an orc knight
  8504 | Bailey   | Found an iron altar of Okawaru.
  8509 | Bailey   | Noticed an orange demon
  8517 | Bailey   | Reached XP level 11. HP: 80/105 MP: 10/10
  9060 | D:10     | Noticed Josephine
  9070 | D:10     | Killed Josephine
  9071 | D:10     | Reached skill level 13 in Fighting
  9071 | D:10     | Received a gift from Okawaru
  9071 | D:10     | Reached **** piety under Okawaru
  9158 | D:10     | Paralysed by a hornet for 3 turns
  9173 | D:10     | Reached skill level 1 in Invocations
  9578 | D:10     | Noticed Erolcha
  9592 | D:10     | Killed Erolcha
  9592 | D:10     | Received a gift from Okawaru
 10341 | D:10     | Found a shimmering altar of Xom.
 10391 | D:11     | Noticed a two-headed ogre
 10465 | D:10     | Reached skill level 14 in Fighting
 10566 | D:11     | Noticed a two-headed ogre
 10575 | D:11     | Killed a two-headed ogre
 10575 | D:11     | Reached ***** piety under Okawaru
 10735 | D:11     | Noticed Harold
 10744 | D:11     | Reached skill level 5 in Invocations
 10759 | D:11     | Killed Harold
 10762 | D:11     | Found a staircase to the Lair.
 10763 | D:11     | Acquired the +2 pair of gloves of the Beginning {rC+ rN+
                  | Dex+2}
 10770 | D:11     | Acquired the +0 pair of fencer's gloves {Riposte Dex+3}
 10770 | D:11     | Found the +0 pair of fencer's gloves {Riposte Dex+3}
 10856 | D:11     | Reached XP level 12. HP: 101/118 MP: 15/15
 11027 | D:11     | Killed a two-headed ogre
 11028 | D:11     | Reached skill level 1 in Dodging
 11185 | D:11     | Found a staircase to the Orcish Mines.
 11445 | D:12     | Found a portal to a secret trove of treasure.
 11521 | D:12     | Found a gate leading to a gauntlet.
 11523 | D:12     | Noticed a two-headed ogre
 11534 | D:12     | Killed a two-headed ogre
 11535 | D:12     | Reached skill level 15 in Fighting
 11677 | Gauntlet | Entered a Gauntlet
 11677 | Gauntlet | Found a transporter.
 11677 | Gauntlet | Found a transporter.
 11677 | Gauntlet | Found a transporter.
 11698 | Gauntlet | Found a transporter.
 11702 | Gauntlet | Noticed a death scarab
 11708 | Gauntlet | Found a transporter.
 11711 | Gauntlet | Found a transporter.
 11727 | Gauntlet | Found a transporter.
 11737 | Gauntlet | Found a transporter.
 11754 | Gauntlet | Found a transporter.
 11757 | Gauntlet | Found a transporter.
 11765 | Gauntlet | Found a transporter.
 11768 | Gauntlet | Found a transporter.
 11889 | Gauntlet | Reached skill level 5 in Armour
 11894 | Gauntlet | Identified the +5 cloak of the Ward {Harm rCorr Str+3}
 11922 | Gauntlet | Identified the +0 pair of gloves of the Slug {rC+ rN++
                  | Dex-5}
 11942 | Gauntlet | Noticed a minotaur
 11950 | Gauntlet | Killed a minotaur
 12042 | D:12     | Received a gift from Okawaru
 12142 | D:12     | Noticed Gastronok
 12153 | D:12     | Killed Gastronok
 12235 | D:12     | Noticed a centaur warrior
 12235 | D:12     | Identified the amulet "Nucenen" {Acrobat rF+ MP+9}
 12235 | D:12     | Noticed a boulder beetle
 12235 | D:12     | Noticed a five-headed hydra
 12235 | D:12     | Noticed a tengu warrior
 12238 | D:12     | Killed a five-headed hydra
 12238 | D:12     | Noticed a six-headed hydra
 12246 | D:12     | Killed a centaur warrior
 12246 | D:12     | Received a gift from Okawaru
 12342 | Lair:1   | Entered Level 1 of the Lair of Beasts
 13060 | Lair:2   | Received a gift from Okawaru
 13117 | Lair:2   | Noticed Nergalle
 13124 | Lair:2   | Killed Nergalle
 13366 | Lair:2   | Noticed Erica
 13373 | Lair:2   | Killed Erica
 13374 | Lair:2   | Reached skill level 5 in Dodging
 13374 | Lair:2   | Reached XP level 13. HP: 128/128 MP: 5/17
 13592 | Lair:2   | Found a staircase to the Swamp.
 14349 | Lair:3   | Reached skill level 16 in Fighting
 14679 | Lair:3   | Found a hole to the Spider Nest.
 14808 | Lair:3   | Noticed Amaemon
 14821 | Lair:3   | Killed Amaemon
 15133 | Lair:3   | Noticed Rupert
 15139 | Lair:3   | Paralysed by Rupert for 5 turns
 15148 | Lair:3   | Killed Rupert
 15148 | Lair:3   | Received a gift from Okawaru
 15658 | Lair:4   | Found a viscous altar of Jiyva.
 15660 | Lair:4   | Found a staircase to the Slime Pits.
 15712 | Lair:4   | Received a gift from Okawaru
 15873 | Lair:4   | Identified the +5 dagger "Imenuis" {heavy, Will+}
 16146 | Lair:4   | Received a gift from Okawaru
 16153 | Lair:4   | Reached XP level 14. HP: 138/138 MP: 19/19
 16716 | Lair:5   | Entered Level 5 of the Lair of Beasts
 16810 | Lair:5   | Reached skill level 10 in Shields
 16874 | Lair:5   | Reached ****** piety under Okawaru
 16910 | Lair:5   | Identified the +8 flail of Divazahose {flame, rF+ SInv}
                  | (Okawaru gifted it to you on level 5 of the Lair of Beasts)
 16910 | Lair:5   | Received a gift from Okawaru
 17207 | Lair:5   | Reached skill level 17 in Fighting
 17228 | Lair:5   | Learned a level 2 spell: Blink
 17233 | Lair:5   | Reached skill level 15 in Maces & Flails
 17553 | Lair:5   | Received a gift from Okawaru
 17554 | Lair:5   | Reached skill level 1 in Translocations
 17562 | Lair:5   | Reached skill level 1 in Spellcasting
 17593 | Lair:5   | Identified the +6 short sword "Rikag" {drain, rF+} (Okawaru
                  | gifted it to you on level 5 of the Lair of Beasts)
 17593 | Lair:5   | Received a gift from Okawaru
 18055 | D:12     | Reached skill level 10 in Invocations
 18057 | D:12     | Reached XP level 15. HP: 116/147 MP: 21/21
 18546 | D:13     | Found a runed translucent gate.
 18546 | D:13     | Found a runed translucent gate.
 18546 | D:13     | Found a runed translucent gate.
 18547 | D:13     | Found an opulent altar of Gozag.
 18548 | D:13     | Noticed Mitseuc's ghost (journeyman HOBe)
 18548 | D:13     | Noticed a tengu reaver
 18561 | D:13     | Found Umpetic's Antique Weapon Emporium.
 18655 | D:13     | Found Roasest's Book Boutique.
 18801 | D:13     | Found Xougrof's Antique Weapon Emporium.
 18815 | D:13     | Bought a runed morningstar for 140 gold pieces
 18905 | D:13     | Noticed Snorg
 18909 | D:13     | Killed Snorg
 18971 | D:13     | Identified the +2 great mace of Egogaur {spect, Int+5}
                  | (Okawaru gifted it to you on level 13 of the Dungeon)
 18971 | D:13     | Received a gift from Okawaru
 19016 | D:13     | Found a gate to the Vaults.
 19446 | D:14     | Found Legeet's Jewellery Boutique.
 19464 | D:14     | Bought a ring of resist corrosion for 220 gold pieces
 19464 | D:14     | Bought an amulet of reflection for 330 gold pieces
 19749 | D:14     | Found an opulent altar of Gozag.
 19965 | D:15     | Entered Level 15 of the Dungeon
 20227 | D:15     | Reached skill level 18 in Fighting
 20432 | D:15     | Found a staircase to the Depths.
 20437 | D:15     | Received a gift from Okawaru
 20452 | Depths:1 | Entered Level 1 of the Depths
 20453 | Depths:1 | Found Astruycunk's Weapon Boutique.
 20464 | Depths:1 | Found a gateway to Hell.
 20489 | Depths:1 | Gained mutation: Your muscles are strong. (Str +4, Int/Dex
                  | -1) [potion of mutation]
 20564 | Depths:1 | Found a stormy altar of Qazlal.
 20612 | Depths:1 | Reached skill level 10 in Armour
 20642 | Depths:1 | Received a gift from Okawaru
 20643 | Depths:1 | Found the +2 hood of the Assassin {Detect Stab+ Stlth++}
 20783 | D:15     | Acquired 764 gold pieces
 20785 | D:15     | Acquired the +2 pair of boots of Terror {+Blink Slay+3}
 21205 | Orc:1    | Entered Level 1 of the Orcish Mines
 21247 | Orc:1    | Reached skill level 1 in Evocations
 21316 | Orc:1    | Noticed Sonja
 21325 | Orc:1    | Killed Sonja
 21540 | Orc:2    | Entered Level 2 of the Orcish Mines
 21540 | Orc:2    | Found a staircase to the Elven Halls.
 21663 | Orc:2    | Gained mutation: You are dopey. (Int -2) [a neqoxec]
 21740 | Orc:2    | Lost mutation: You are dopey. (Int -2) [potion of mutation]
 21740 | Orc:2    | Lost mutation: Your muscles are strong. (Str +4, Int/Dex
                  | -1) [potion of mutation]
 21740 | Orc:2    | Gained mutation: You are robust. (+10% HP) [potion of
                  | mutation]
 21740 | Orc:2    | Gained mutation: A frigid envelope surrounds you and
                  | freezes all who hurt you. [potion of mutation]
 21740 | Orc:2    | Gained mutation: You have sharp toenails. [potion of
                  | mutation]
 21931 | Orc:2    | Found Xaubbimume's Antique Armour Shop.
 21933 | Orc:2    | Found Uhosuonu's Armour Shop.
 21934 | Orc:2    | Found Zar Ypnaw's Antique Armour Boutique.
 21937 | Orc:2    | Found Foxexud's Antique Weapon Boutique.
 22367 | Elf:1    | Entered Level 1 of the Elven Halls
 22403 | Elf:1    | Reached XP level 16. HP: 126/174 MP: 7/23
 22566 | Elf:1    | Received a gift from Okawaru
 22582 | Elf:1    | Received a gift from Okawaru
 22818 | Elf:1    | Paralysed by an air elemental for 1 turns
 22871 | Elf:1    | Found a crumbling gateway.
 22884 | Desolati | Entered the Desolation of Salt
 22925 | Desolati | Killed from afar by a crystal guardian

Illustrated notes

Levels and vault maps discovered:
D:1:      amcnicky_arrival_wind_blow, layout_basic
D:2:      layout_basic, uniq_natasha
D:3:      layout_rooms, cheibriados_altar_1, trog_book, jmf_multi_god_temple,
          serial_bayou_pond_d
D:4:      layout_rooms, elyvilon_altar_3, amcnicky_altar_gilded, uniq_edmund
D:5:      layout_rooms, grunt_ministairs_10, st_stairs_1,
          kennysheep_opposing_triangles, uniq_grinder, uniq_blork_the_orc,
          uniq_sigmund, uniq_eustachio
D:6:      layout_basic, ebering_dispersal_statue_hall
D:7:      layout_rooms, dancing_weapons_uskayaw, temple_statues,
          kennysheep_generic_room_14
D:8:      layout_basic, serial_undead, serial_undead_e, serial_undead_a,
          serial_undead_c, serial_undead_d, uniq_maurice
D:9:      old_forge, layout_irregular_city, grunt_temple_overflow_open
D:10:     layout_long_grid, kennysheep_mini_moat, enter_bailey_3,
          kennysheep_donut, uniq_erolcha, uniq_josephine
D:11:     layout_cave_pools, erik_lair_dragon, orc_0_dummy, uniq_harold
D:12:     minmay_the_grid_triangle_9x9_recursive_2_mashed
          [minmay_the_grid_triangle_9x9_prize_schism,
          minmay_the_grid_triangle_9x9_flanged_cone,
          minmay_the_grid_triangle_9x9_stretched_checkered,
          minmay_the_grid_triangle_9x9_odd_lines], layout_irregular_city,
          gauntlet_entry_generic, enter_trove_1, uniq_gastronok
D:13:     layout_irregular_city, skrybe_vaults_entry_preservation,
          ebering_ghost_gozag, serial_shops, nicolae_shop_statue_plus, shop,
          shop, uniq_snorg
D:14:     layout_small_grid, serial_shops, shop, grunt_gozag_breadcrumbs,
          minmay_gold_behind_fungi
D:15:     grunt_enter_depths_magical_seal, layout_long_grid,
          hangedman_abyss_or_decor_passed
Temple:   corrupted_temple
Lair:1:   layout_regular_city, lemuel_fruit_tree
Lair:2:   layout_cave_pods, minmay_swamp_entry_worms, uniq_erica, uniq_nergalle
Lair:3:   layout_cave_pods, nicolae_spider_entry_non_spiders,
          beast_lair_carwin_6, serial_bayou_shore_b, grunt_megastairs_3,
          serial_bayou_shore_a, uniq_amaemon, uniq_rupert
Lair:4:   layout_loops_ring, slime_entry_1
Lair:5:   hangedman_lair_in_review, layout_misc_corridors,
          hangedman_lair_caniforms_friends
Orc:1:    layout_diamond_mine, uniq_sonja
Orc:2:    st_orc_mages, layout_caves, special_room
Elf:1:    layout_geoelf_octagon,
          portal_desolation_entry_nicolae_menacing_earthworks, serial_shops,
          shop, gammafunk_ghost_berserking_beasts,
          hangedman_elven_crosses_minicolossus, guppyfry_library_mini
Depths:1: layout_gridlike, serial_shops, nicolae_shop_bloodbath_and_beyond,
          grunt_qazlal_clouds, hell_entry, nicolae_shop_unique_rings,
          kennysheep_kite_vault, minmay_shop_grove
Desolation

Skill      XL: |  1  2  3  4  5  6  7  8  9 10 11 12 13 14 15 16 |
---------------+-------------------------------------------------+-----
Shields        | 4 5 7 9 10 11 | 11.6
Fighting       | 4 5 6 7 8 10 12 14 15 16 17 18 | 18.7
Maces & Flails | 3 4 5 6 7 8 10 12 14 15 16 | 16.0
Throwing       | 1 2 3 4 6 8 |  8.0
Invocations    | 5 7 8 10 11 | 11.8
Armour         | 6 9 11 12 | 12.1
Dodging        | 5 7 8 9 |  9.5
Translocations | 2 4 |  4.4
Spellcasting   | 1 2 |  2.0
Evocations     | 1 3 |  3.1

Action                     |  1- 3 |  4- 6 |  7- 9 | 10-12 | 13-15 | 16-18 || total
---------------------------+-------+-------+-------+-------+-------+-------++-------
  Melee: Flail             |    50 |    49 |   194 |   543 |   597 |    49 ||  1482
         Headbutt          |     6 |     5 |    56 |   125 |   275 |    21 ||   488
         Whip              |       |       |    70 |       |       |       ||    70
         Mace              |       |       |       |     6 |       |       ||     6
         Demon whip        |       |       |       |       |   100 |       ||   100
         Eveningstar       |       |       |       |       |   114 |       ||   114
         Morningstar       |       |       |       |       |    17 |    25 ||    42
  Throw: Boomerang         |    10 |    52 |    28 |       |       |       ||    90
         Dart              |       |       |    29 |    58 |       |       ||    87
         Throwing net      |       |       |       |     1 |       |       ||     1
         Javelin           |       |       |       |    17 |     2 |     1 ||    20
 Invoke: Heroism           |       |       |       |    14 |    11 |     1 ||    26
         Finesse           |       |       |       |     2 |     1 |     1 ||     4
  Evoke: Wand              |       |       |     2 |     5 |       |       ||     7
    Use: Potion            |       |     3 |     2 |     9 |     4 |     6 ||    24
         Scroll            |       |     6 |    11 |    16 |    13 |     2 ||    48
 Armour: Scale mail        |    11 |       |       |       |       |       ||    11
         Ring mail         |       |    15 |       |       |       |       ||    15
         Plate armour      |       |    10 |   130 |   241 |   247 |    25 ||   653
         Ice dragon scales |       |       |       |       |    10 |       ||    10
  Dodge: Dodged            |    27 |    22 |    73 |   137 |   311 |    34 ||   604
  Block: Buckler           |    17 |    19 |    47 |       |       |       ||    83
         Kite shield       |       |       |    29 |   320 |   669 |    59 ||  1077
         Reflection        |       |       |       |       |     8 |     8 ||    16
Riposte: Flail             |       |       |       |    34 |   202 |    14 ||   250
         Demon whip        |       |       |       |       |    35 |       ||    35
         Eveningstar       |       |       |       |       |    54 |       ||    54
         Morningstar       |       |       |       |       |     8 |     7 ||    15

Table legend: (Time is in decaauts)
 A = Elapsed time spent in this place.
 B = Non-inter-level travel time spent in this place.
 C = Inter-level travel time spent in this place.
 D = Time resting spent in this place.
 E = Time spent auto-exploring this place.
 F = Levels seen in this place.
 G = Mean time per level.
                   A        B        C        D        E       F      G
               +--------+--------+--------+--------+--------+-----+--------+
         Total |  22800 |  21753 |   1047 |   2266 |  14783 |  28 |  814.3 |
       Dungeon |  13812 |  13119 |    693 |   1107 |   9366 |  15 |  920.8 |
        Temple |     77 |     67 |     10 |      0 |     57 |   1 |   77.0 |
          Lair |   5511 |   5227 |    284 |    138 |   4228 |   5 | 1102.2 |
  Orcish Mines |   1126 |   1068 |     58 |    142 |    641 |   2 |  563.0 |
   Elven Halls |    503 |    503 |      0 |    267 |     18 |   1 |  503.0 |
        Depths |    214 |    214 |      0 |      9 |     27 |   1 |  214.0 |
        Bailey |   1246 |   1246 |      0 |    603 |    324 |   1 | 1246.0 |
    Desolation |     33 |     33 |      0 |      0 |      0 |   1 |   33.0 |
      Gauntlet |    274 |    274 |      0 |      0 |    121 |   1 |  274.0 |
               +--------+--------+--------+--------+--------+-----+--------+

Top non-repeatable levels by time:
    D:10: 1546 daAuts
  Lair:3: 1494 daAuts
     D:5: 1337 daAuts
  Bailey: 1246 daAuts
  Lair:2: 1175 daAuts
     D:9: 1152 daAuts
    D:12: 1117 daAuts
  Lair:5: 1104 daAuts
  Lair:4: 1045 daAuts
    D:11: 1036 daAuts
     D:7: 985 daAuts
     D:8: 974 daAuts
    D:15: 930 daAuts
     D:1: 807 daAuts
    D:13: 785 daAuts
